 Dungeon Crawl Stone Soup version 0.29.0-4-gdea44cf6ec (webtiles) character file.

Game seed: 11302064468205428333

406 qw the Chopper (level 6, -12/36 HPs)
             Began as a Tengu Warper on Aug 28, 2022.
             Mangled by an ogre
             ... wielding a +0 giant spiked club
              (34 damage)
             ... on level 6 of the Dungeon.
             The game lasted 00:00:21 (3835 turns).

qw the Chopper (Tengu Warper)                       Turns: 3835, Time: 00:00:21

Health: -12/36     AC:  8    Str: 13    XL:     6   Next: 87%
Magic:  10/10      EV:  7    Int: 13    God:
Gold:   233        SH:  0    Dex: 14    Spells: 9/9 levels left

rFire   . . .      SeeInvis .   Y - +0 hand axe (flame)
rCold   . . .      Faith    .   (no shield)
rNeg    . . .      Spirit   .   l - +0 chain mail
rPois   .          Reflect  .   (helmet restricted)
rElec   .          Harm     .   (no cloak)
rCorr   .          Rampage  .   (no gloves)
Will    +....                   (boots unavailable)
Stlth   ..........              o - amulet of the acrobat
HPRegen 0.12/turn               f - ring of willpower
MPRegen 0.12/turn               (no ring)

@: flying quickly and evasively, quick
A: beak, talons 3, nimble flight
a: no special abilities


You were on level 6 of the Dungeon.
You visited 2 branches of the dungeon, and saw 7 of its levels.

You collected 233 gold pieces.


Innate Abilities, Weirdness & Mutations

You have a beak for a mouth.
You have claws for feet.
Your magical nature lets you fly swiftly and evasively.


   Skills:
 + Level 2.9 Fighting
 - Level 7.0 Axes
 - Level 1.0 Throwing
 - Level 2.4 Armour
 - Level 2.1 Dodging
 - Level 2.0 Spellcasting
 - Level 2.4 Translocations


You had 9 spell levels left.
You didn't know any spells.
Your spell library contained the following spells:

 Spells                   Type           Power      Damage    Failure   Level
 Blink                    Tloc           14%        N/A       99%         2
 Gell's Gravitas          Tloc           7%         N/A       100%        3
 Lesser Beckoning         Tloc           7%         N/A       100%        3
 Teleport Other           Tloc           7%         N/A       100%        3
 Manifold Assault         Tloc           7%         N/A       100%        5

Inventory:

Hand Weapons
 Y - a +0 hand axe of flaming (weapon)
Armour
 l - a +0 chain mail (worn)
Jewellery
 f - a ring of willpower (left hand)
 o - an amulet of the acrobat (around neck)
Scrolls
 h - a scroll of identify
Potions
 b - a potion of curing
 d - a potion of mutation
 e - a potion of berserk rage {unknown}
 g - a potion of resistance {unknown}
 i - a potion of haste
 j - a potion of brilliance {unknown}
 k - a potion of ambrosia {unknown}

Dungeon Overview and Level Annotations

Branches:
Dungeon (7/15)             Temple (1/1) D:4

Altars:
Cheibriados
Dithmenos
Gozag
Makhleb
Nemelex Xobeh
Ru
Sif Muna
Uskayaw
Vehumet
Xom
Zin
The Shining One


Message History

You barely miss the bullfrog. Your kick misses the bullfrog.
Your peck misses the bullfrog.
The bullfrog is moderately wounded.
The bullfrog hits you but does no damage.
You hit the bullfrog. You burn the bullfrog. Your peck misses the bullfrog.
The bullfrog is heavily wounded.
The bullfrog hits you but does no damage.
The bullfrog hits you.
You barely miss the bullfrog. Your kick misses the bullfrog.
The bullfrog is heavily wounded.
The bullfrog hits you but does no damage.
You miss the bullfrog. Your kick misses the bullfrog. You peck the bullfrog.
The bullfrog is heavily wounded.
The bullfrog hits you.
You closely miss the bullfrog. Your kick misses the bullfrog.
The bullfrog is heavily wounded.
The bullfrog closely misses you. x2
You hit the bullfrog. You burn the bullfrog.
You kill the bullfrog!
You start resting.
An ogre comes into view. It is wielding a +0 giant spiked club.
3812 ||| Stepping ~*~*~tactically~*~*~ (stealth).
You start resting.
HP restored.
(D) Dungeon (T) Temple
Where to? (* - list waypoints, Enter - D:5, ? - help)
What level of the Dungeon? (default 1, ? - help)
You hit the ogre. You burn the ogre. You peck the ogre.
The ogre is lightly wounded.
The ogre barely misses you.
You barely miss the ogre. You claw the ogre.
The ogre is moderately wounded.
You hit the ogre. You burn the ogre.
The ogre is heavily wounded.
The ogre hits you with a +0 giant spiked club!
You hit the ogre. You burn the ogre. Your peck misses the ogre.
The ogre is heavily wounded.
The ogre hits you with a +0 giant spiked club!!
Ouch! That really hurt!
You die...

##.......
#..........
#.....##...
###..........
#....#.......
##..>....... .
#....##.......
##....#.#.....
#....@O...#
##..(.#..<...
##..## .#...
#### # #


You could see an ogre.

Vanquished Creatures
  A bullfrog (D:6)
  2 scorpions (D:4)
  An iguana (D:4)
  Natasha (thrice) (D:2)
  4 adders
  A white imp (D:7)
  A dart slug (D:3)
  2 orcs (D:3)
  6 ball pythons
  7 bats
  8 endoplasms
  3 giant cockroaches
  5 goblins
  4 hobgoblins
  12 jackals
  6 kobolds
  6 quokkas
  3 frilled lizards (D:1)
  4 rats
79 creatures vanquished.

Vanquished Creatures (others)
  3 plants (D:1)
3 creatures vanquished.

Grand Total: 82 creatures vanquished

Notes
Turn   | Place    | Note
-------+----------+-------------------------------------------
     0 | D:1      | qw the Tengu Warper began the quest for the Orb.
     0 | D:1      | Reached XP level 1. HP: 12/12 MP: 4/4
     0 | D:1      | 0 ||| qw: Version: 0.1-a-89-g26bdef1
     0 | D:1      | 0 ||| qw: Game counter: 312
     0 | D:1      | 0 ||| qw: Always use a shield: true
     0 | D:1      | 0 ||| qw: God list: Okawaru
     0 | D:1      | 0 ||| qw: Allow faded altars: false
     0 | D:1      | 0 ||| qw: Do Orc after D:15 true
     0 | D:1      | 0 ||| qw: Do second Lair branch before Depths: true
     0 | D:1      | 0 ||| qw: Lair rune preference: random
     0 | D:1      | 0 ||| qw: Plans: Normal
     0 | D:1      | 0 ||| PLANNING D:1-11
   227 | D:1      | Reached XP level 2. HP: 14/17 MP: 6/6
   288 | D:1      | 288 ||| Stepping ~*~*~tactically~*~*~ (stealth).
   290 | D:1      | 290 ||| Stepping ~*~*~tactically~*~*~ (stealth).
   292 | D:1      | 292 ||| Stepping ~*~*~tactically~*~*~ (stealth).
   295 | D:1      | Reached skill level 3 in Axes
   344 | D:1      | 344 ||| Stepping ~*~*~tactically~*~*~ (water).
   398 | D:1      | 398 ||| Stepping ~*~*~tactically~*~*~ (water).
   432 | D:1      | 432 ||| Stepping ~*~*~tactically~*~*~ (stealth).
   434 | D:1      | 434 ||| Stepping ~*~*~tactically~*~*~ (stealth).
   443 | D:1      | 443 ||| Stepping ~*~*~tactically~*~*~ (stealth).
   448 | D:1      | 448 ||| Stepping ~*~*~tactically~*~*~ (stealth).
   456 | D:1      | 456 ||| Stepping ~*~*~tactically~*~*~ (stealth).
   458 | D:1      | 458 ||| Stepping ~*~*~tactically~*~*~ (stealth).
   459 | D:1      | 459 ||| Stepping ~*~*~tactically~*~*~ (stealth).
   467 | D:1      | 467 ||| Stepping ~*~*~tactically~*~*~ (stealth).
   475 | D:1      | Reached XP level 3. HP: 21/21 MP: 7/7
   566 | D:1      | 566 ||| Stepping ~*~*~tactically~*~*~ (stealth).
   568 | D:1      | 568 ||| Stepping ~*~*~tactically~*~*~ (stealth).
   749 | D:1      | 749 ||| UPGRADING to +0 chain mail.
   759 | D:1      | 759 ||| DROPPING +0 leather armour.
   760 | D:1      | 760 ||| UPGRADING to ring of willpower.
   761 | D:1      | 761 ||| DROPPING ring of flight.
   762 | D:1      | 762 ||| READING scroll labelled IHAHYA KIOFF.
   763 | D:1      | 763 ||| READING 2 scrolls labelled NYIFFO PONETH.
   764 | D:1      | 764 ||| DROPPING scroll of blinking.
   907 | D:2      | Reached skill level 4 in Axes
   951 | D:2      | 951 ||| Stepping ~*~*~tactically~*~*~ (stealth).
   952 | D:2      | 952 ||| Stepping ~*~*~tactically~*~*~ (stealth).
   953 | D:2      | 953 ||| Stepping ~*~*~tactically~*~*~ (stealth).
   954 | D:2      | 954 ||| Stepping ~*~*~tactically~*~*~ (stealth).
   990 | D:2      | 990 ||| Stepping ~*~*~tactically~*~*~ (stealth).
   991 | D:2      | 991 ||| Stepping ~*~*~tactically~*~*~ (stealth).
  1164 | D:2      | Noticed Natasha
  1170 | D:2      | Killed Natasha
  1171 | D:2      | Reached skill level 5 in Axes
  1171 | D:2      | Reached XP level 4. HP: 14/26 MP: 8/8
  1195 | D:2      | 1195 ||| Stepping ~*~*~tactically~*~*~ (stealth).
  1272 | D:2      | Noticed Natasha
  1273 | D:2      | 1273 ||| Stepping ~*~*~tactically~*~*~ (stealth).
  1277 | D:2      | Killed Natasha
  1743 | D:2      | Noticed Natasha
  1751 | D:2      | Killed Natasha
  1752 | D:2      | Gained mutation: Your magical nature lets you fly swiftly
                  | and evasively. [Tengu growth]
  1752 | D:2      | Reached XP level 5. HP: 17/30 MP: 9/9
  2082 | D:3      | 2082 ||| Stepping ~*~*~tactically~*~*~ (stealth).
  2089 | D:3      | 2089 ||| Stepping ~*~*~tactically~*~*~ (stealth).
  2090 | D:3      | 2090 ||| Stepping ~*~*~tactically~*~*~ (stealth).
  2091 | D:3      | 2091 ||| Stepping ~*~*~tactically~*~*~ (stealth).
  2097 | D:3      | Reached skill level 6 in Axes
  2560 | D:3      | Identified the +1 robe "Dudorcha" {Regen+ Str+3 Int-2
                  | Stlth+}
  2603 | D:3      | 2603 ||| UPGRADING to amulet of the acrobat.
  2608 | D:3      | 2608 ||| READING scroll labelled GYPTEA GODAN.
  2609 | D:3      | 2609 ||| DROPPING +0 mace.
  2610 | D:3      | 2610 ||| READING scroll labelled IFANOR GOWETZ.
  2611 | D:3      | 2611 ||| DRINKING 2 dark potions.
  2612 | D:3      | 2612 ||| DRINKING 2 ruby potions.
  2613 | D:3      | 2613 ||| DRINKING 2 murky brown potions.
  2614 | D:3      | 2614 ||| READING 2 scrolls of identify.
  2614 | D:3      | 2614 ||| IDENTIFYING smoky clear potion
  2615 | D:3      | 2615 ||| DROPPING potion of magic.
  2703 | D:4      | HP: 7/30 [iguana (12)]
  2706 | D:4      | 2706 ||| FLEEEEING.
  2707 | D:4      | 2707 ||| FLEEEEING.
  2708 | D:4      | 2708 ||| FLEEEEING.
  2711 | D:4      | 2711 ||| FLEEEEING.
  2712 | D:4      | 2712 ||| FLEEEEING.
  2713 | D:4      | 2713 ||| FLEEEEING.
  2714 | D:4      | 2714 ||| FLEEEEING.
  2715 | D:4      | 2715 ||| FLEEEEING.
  2721 | D:4      | 2721 ||| STAIRDANCE
  3013 | D:4      | Reached XP level 6. HP: 25/35 MP: 10/10
  3129 | D:4      | 3129 ||| Stepping ~*~*~tactically~*~*~ (stealth).
  3137 | D:4      | Found a staircase to the Ecumenical Temple.
  3138 | D:4      | 3138 ||| PLANNING TEMPLE
  3144 | Temple   | Entered the Ecumenical Temple
  3308 | Temple   | 3308 ||| PLANNING D:1-11
  3422 | D:4      | Reached skill level 7 in Axes
  3672 | D:4      | Found a sparkling altar of Nemelex Xobeh.
  3679 | D:4      | You are sucked into a shaft and drop 3 floors!
  3688 | D:7      | 3688 ||| Stepping ~*~*~tactically~*~*~ (hiding).
  3722 | D:7      | 3722 ||| READING scroll labelled JUJU WUSHY.
  3726 | D:7      | 3726 ||| READING 2 scrolls of identify.
  3726 | D:7      | 3726 ||| IDENTIFYING sedimented ruby potion
  3727 | D:7      | 3727 ||| DROPPING potion of attraction.
  3812 | D:6      | 3812 ||| Stepping ~*~*~tactically~*~*~ (stealth).
  3835 | D:6      | Mangled by an ogre

Levels and vault maps discovered:
D:1:      co_arrival_random_square_maze, layout_basic, serial_bayou_ford_a,
          minmay_ruptured
D:2:      layout_basic, shapermc_ecumenical_altar_petra, uniq_natasha
D:3:      layout_basic, minmay_statues_item, minmay_misc_feat_four_crosses
D:4:      layout_basic, nemelex_dance_club_becter, minmay_temple_entry_glass
D:6:      layout_cave_pools, trog_book
D:7:      layout_rooms, enter_bailey_3, uniq_menkaure
Temple:   bh_familiar_temple

Skill      XL: |  1  2  3  4  5  6 |
---------------+-------------------+-----
Axes           | 3 5 6 7 |  7.0
Armour         | 2 |  2.4
Fighting       | |  2.9
Throwing       | |  1.0
Dodging        | |  2.1
Spellcasting   | |  2.0
Translocations | |  2.4

Action                   |  1- 3 |  4- 6 || total
-------------------------+-------+-------++-------
Melee: Hand axe          |    62 |   112 ||   174
       Peck              |    11 |    17 ||    28
       Punch             |     1 |       ||     1
       Kick              |     9 |    29 ||    38
Throw: Boomerang         |    18 |    37 ||    55
  Use: Scroll            |     2 |     5 ||     7
       Potion            |       |     3 ||     3
Armor: Leather armour    |    11 |       ||    11
       Chain mail        |     8 |    52 ||    60
Dodge: Dodged            |    30 |    33 ||    63

Table legend:
 A = Non-vault XP
 B = Vault XP
 C = Vault XP percentage of total XP
 D = Non-vault monster count
 E = Vault monster count
 F = Vault count percentage of total count
                 A         B        C        D         E       F
            +---------+---------+-------+---------+---------+-------
      Total |     537 |      43 |   7.4 |      74 |       5 |   6.3
            +---------+---------+-------+---------+---------+-------
        D:1 |      38 |       6 |  13.6 |      23 |       3 |  11.5
        D:2 |     120 |      35 |  22.6 |      16 |       1 |   5.9
        D:3 |      56 |       0 |   0.0 |      23 |       0 |   0.0
        D:4 |     228 |       2 |   0.9 |      10 |       1 |   9.1
        D:6 |      85 |       0 |   0.0 |       1 |       0 |   0.0
        D:7 |      10 |       0 |   0.0 |       1 |       0 |   0.0
            +---------+---------+-------+---------+---------+-------
